 Dungeon Crawl Stone Soup version 0.27-a0-1232-gc6a4cbde82 (webtiles) character file.

Game seed: 4316176225911862092

3980 wakim the Nimble (level 10, -8/76 HPs)
             Began as a Djinni Conjurer on June 7, 2021.
             Was a Follower of Makhleb.
             Mangled by a slime creature (19 damage)
             ... on level 7 of the Dungeon on June 8, 2021.
             The game lasted 00:36:04 (13958 turns).

wakim the Nimble (Djinni Conjurer)                 Turns: 13958, Time: 00:36:05

Health: -8/76      AC:  3    Str:  6    XL:     10   Next: 46%
Gold:   703        EV: 16    Int: 22    God:    Makhleb [*.....] SH:  0 Dex: 13

rFire    + + .     SeeInvis .   a - +3 trident
rCold    x . .     Faith    .   (no shield)
rNeg     . . .     Spirit   .   e - +0 robe
rPois    ∞         Reflect  .   (no helmet)
rElec    .         Harm     .   j - +0 cloak
rCorr    .         Rampage  .   (no gloves)
Will     +....                  (boots unavailable)
Stlth    ++........             (no amulet)
HPRegen  0.22/turn              (no ring)
MPRegen  0.00/turn              (no ring)

@: flying, very slightly contaminated
A: sickness immunity, fire resistance 2, cold vulnerability 1, float, innate
caster, hp casting, extra vitality 1
a: Renounce Religion


You were on level 7 of the Dungeon.
You worshipped Makhleb.
Makhleb was aware of your devotion.
You visited 2 branches of the dungeon, and saw 9 of its levels.
You also visited: Bailey.

You collected 703 gold pieces.

Inventory:

Hand Weapons
 a - a +3 trident (weapon)
 i - a +0 trident of venom
Missiles
 b - 7 boomerangs
 f - 9 throwing nets {=f!f}
Armour
 e - a +0 robe (worn)
 g - the +7 Kryia's mail coat {PotionHeal*2 rC+}
   (You took it off a gnoll shaman in a bailey)

   It protects you from cold.
 j - a +0 cloak (worn)
Wands
 t - a wand of digging (7)
 u - a wand of mindburst (16)
 v - a wand of flame (21)
 w - a wand of acid (11)
 x - a wand of iceblast (1)
 y - a wand of paralysis (5)
Scrolls
 r - a scroll of identify
 Q - 3 scrolls of immolation {!r!r}
 T - a scroll of teleportation
 U - a scroll of fear
Potions
 c - 2 potions of haste {unknown}
 d - a potion of heal wounds {unknown}
 h - a potion of ambrosia {unknown}
 B - a potion of attraction {!q}
 D - 3 potions of brilliance
 E - 2 potions of cancellation


   Skills:
 + Level 7.6 Fighting
 * Level 9.1 Dodging
 - Level 1.5 Stealth
 * Level 7.8 Spellcasting


You had one spell level left.
You knew the following spells:

 Your Spells              Type           Power      Damage    Failure   Level
a - Magic Dart            Conj           100%       1d8       1%          1
b - Dazzling Flash        Conj/Hex       86%        N/A       1%          3
c - Call Imp              Summ           43%        N/A       1%          2
d - Summon Guardian Gole  Hex/Summ       43%        N/A       1%          3
e - Stone Arrow           Conj/Erth      86%        3d12      1%          3
s - Searing Ray           Conj           86%        3d6       1%          2
u - Animate Skeleton      Necr           86%        N/A       1%          1
x - Iskenderun's Mystic   Conj/Tloc      43%        2d10      3%          4
z - Fulminant Prism       Conj/Hex       21%        3d13      3%          4
Your spell library was empty.

Dungeon Overview and Level Annotations

Branches:
Dungeon (8/15)             Temple (1/1) D:4          Bailey (visited)
   Lair: D:8-11

Altars:
Ashenzari
Cheibriados
Dithmenos
Elyvilon
Fedhas
Gozag
Hepliaklqana
Kikubaaqudgha
Makhleb
Nemelex Xobeh
Okawaru
Qazlal
Ru
Sif Muna
Trog
Uskayaw
Vehumet
Wu Jian
Xom
Yredelemnul
Zin
The Shining One

Shops:
D:1 ?   D:4 (


Innate Abilities, Weirdness & Mutations

You are immune to sickness and miasma.
You are immune to poison.
Your flesh is very heat resistant. (rF++)
You are vulnerable to cold. (rC-)
You float through the air rather than walking.
You learn spells naturally, not from books.
Your magical power is your life essence.
You have superior vitality. (+4 HP)


Message History

Aim: a slime creature (lightly wounded, 96% to hit)
The searing ray misses the slime creature. (Press . to maintain the ray.)
Casting: Searing Ray (safe; 1% risk of failure)
Confirm with . or Enter, or press ? or * to list all spells.
You erupt in a blast of force!
The mystic blast hits the slime creature!
The slime creature is moderately wounded.
The slime creature is knocked back by the mystic blast.
You are too injured to fight recklessly!
Unknown command.
Casting: Iskenderun's Mystic Blast (dangerous; 3% risk of failure)
Confirm with . or Enter, or press ? or * to list all spells.
Aiming: Stone Arrow (safe; 1% risk of failure)
Press: ? - help, Shift-Dir - straight line, f/p - slime creature
Aim: a slime creature (lightly wounded, 95% to hit)
The stone arrow hits the slime creature!!
The slime creature is heavily wounded.
* * * LOW HITPOINT WARNING * * *
Casting: Stone Arrow (safe; 1% risk of failure)
Confirm with . or Enter, or press ? or * to list all spells.
Aiming: Stone Arrow (safe; 1% risk of failure)
Press: ? - help, Shift-Dir - straight line, f/p - slime creature
Aim: a slime creature (moderately wounded, 95% to hit)
The stone arrow hits the slime creature!
The slime creature is severely wounded.
* * * LOW HITPOINT WARNING * * *
The slime creature hits you!!
* * * LOW HITPOINT WARNING * * *
The slime creature completely misses you.
You fly upwards.
There is a stone staircase leading down here.
Casting: Stone Arrow (safe; 1% risk of failure)
Confirm with . or Enter, or press ? or * to list all spells.
You miscast Iskenderun's Mystic Blast.
You are very lightly contaminated with residual magic.
Nothing appears to happen.
* * * LOW HITPOINT WARNING * * *
The slime creature hits you!!
You die...

####### #......##
##.....##### ##......#
#..........## #.......
##...........##
##......
#.............#
#......
##.............##
##.....
#...............#
#.....
#...............##
##.###
#.......@....[...#
#.##
#........J.......###.#
#.................##.#
#.................#.##
#.................#.#
####................#
####............##
####.........#
######....#


You could see a slime creature.

Vanquished Creatures
  Maurice (D:8)
  A hornet (D:8)
  3 slime creatures (D:8)
  A water moccasin (D:8)
  An ice beast (D:5)
  A sky beast (D:7)
  3 orc warriors
  A black bear (D:7)
  A hornet zombie (D:8)
  An ogre (D:4)
  A centaur (D:4)
  3 bullfrogs
  8 gnoll sergeants (Bailey)
  3 scorpions
  3 wights (D:8)
  A bullfrog zombie (D:3)
  2 centaur zombies
  3 hounds
  4 orc priests
  7 gnoll shamans
  3 iguanas
  2 orc wizards
  A hound skeleton (D:4)
  22 gnolls
  A howler monkey skeleton (D:6)
  8 adders
  A shadow imp (D:7)
  A worm (D:3)
  A dart slug (D:4)
  19 orcs
  5 endoplasms
  2 giant cockroaches
  4 goblins
  4 hobgoblins
  13 jackals
  5 kobolds
  4 quokkas
  3 ball pythons
  4 bats
  3 frilled lizards
  A quokka skeleton (D:2)
  4 rats
160 creatures vanquished.

Vanquished Creatures (others)
  46 fulminant prisms
46 creatures vanquished.

Grand Total: 206 creatures vanquished

Notes
Turn   | Place    | Note
-------+----------+-------------------------------------------
     0 | D:1      | wakim the Djinni Conjurer began the quest for the Orb.
     0 | D:1      | Reached XP level 1. HP: 15/15 MP: 0/0
   571 | D:1      | Found Afanky's Magic Scroll Shop.
   576 | D:1      | Reached XP level 2. HP: 21/22 MP: 0/0
   643 | D:1      | Reached skill level 1 in Fighting
  1156 | D:1      | Found a faded altar of an unknown god.
  1325 | D:2      | Reached XP level 3. HP: 22/27 MP: 0/0
  1325 | D:2      | Learned a level 1 spell: Animate Skeleton
  1460 | D:2      | Reached XP level 4. HP: 21/33 MP: 0/0
  1815 | D:2      | Reached skill level 3 in Dodging
  2263 | D:3      | Reached XP level 5. HP: 37/39 MP: 0/0
  2263 | D:3      | Learned a level 2 spell: Call Imp
  2603 | D:3      | Reached XP level 6. HP: 34/46 MP: 0/0
  3294 | D:4      | Noticed an ogre
  3298 | D:4      | Killed an ogre
  3594 | D:4      | Found Neejom's Weapon Shoppe.
  3641 | D:4      | Reached XP level 7. HP: 23/52 MP: 0/0
  3641 | D:4      | Learned a level 3 spell: Summon Guardian Golem
  3828 | D:4      | Reached skill level 4 in Dodging
  4343 | D:4      | Found a staircase to the Ecumenical Temple.
  4349 | Temple   | Entered the Ecumenical Temple
  4935 | Temple   | Became a worshipper of Makhleb the Destroyer
  4998 | D:5      | Entered Level 5 of the Dungeon
  6112 | D:5      | Reached skill level 5 in Spellcasting
  6458 | D:6      | Upgraded the game from 0.27-a0-1228-gfd60fd639a to
                  | 0.27-a0-1232-gc6a4cbde82
  6536 | D:6      | Reached skill level 5 in Fighting
  6536 | D:6      | Reached XP level 8. HP: 54/59 MP: 0/0
  7727 | D:6      | Reached skill level 5 in Dodging
  8547 | D:7      | Found a hazy altar of Hepliaklqana.
  8794 | D:7      | Found a flagged portal.
  8806 | Bailey   | Entered a bailey
  8812 | Bailey   | Reached XP level 9. HP: 54/66 MP: 0/0
  8812 | Bailey   | Learned a level 3 spell: Stone Arrow
  8926 | Bailey   | Reached skill level 6 in Dodging
  8928 | Bailey   | Reached * piety under Makhleb
  8945 | Bailey   | HP: 2/67 [gnoll/+0 spear (3)]
  9718 | Bailey   | Identified the +4 plate armour of Vehumet's Esteem {rElec
                  | rF+}
  9728 | Bailey   | Reached skill level 7 in Dodging
 11070 | D:8      | Noticed Maurice
 11383 | D:8      | Noticed a hornet
 11739 | D:8      | Killed Maurice
 11740 | D:8      | Reached skill level 8 in Dodging
 11740 | D:8      | Reached XP level 10. HP: 39/75 MP: 0/0
 12177 | D:8      | HP: 3/75 [orc priest/divine providence (13)]
 13425 | D:8      | Reached ** piety under Makhleb
 13426 | D:8      | Reached skill level 9 in Dodging
 13958 | D:7      | Mangled by a slime creature

Illustrated notes

Levels and vault maps discovered:
D:1:      wheals_arrival_shading, layout_basic, serial_shops, shop,
          shapermc_ecumenical_altar_notcrosses, grunt_decor_one_mirror,
          minivault_19
D:2:      layout_rooms, minivault_5
D:3:      layout_rooms
D:4:      layout_basic, minmay_temple_entry_hall, serial_shops,
          nicolae_shop_trees
D:5:      layout_basic
D:6:      layout_basic
D:7:      layout_cave_pods, lemuel_crystal_altar, enter_bailey_1
D:8:      layout_layer_cave, uniq_maurice
Temple:   regret_index_temple_sigil_plot

Skill      XL: |  1  2  3  4  5  6  7  8  9 10 |
---------------+-------------------------------+-----
Fighting       | 1 2 3 4 5 6 7 |  7.6
Dodging        | 3 4 5 8 9 |  9.1
Spellcasting   | 4 5 6 7 |  7.8
Stealth        | |  1.5

Action                   |  1- 3 |  4- 6 |  7- 9 | 10-12 || total
-------------------------+-------+-------+-------+-------++-------
Melee: Unarmed           |       |     1 |       |       ||     1
 Cast: Magic Dart        |    31 |    60 |    40 |     3 ||   134
       Searing Ray       |     5 |    16 |    49 |    15 ||    85
       Call Imp          |       |       |     7 |       ||     7
       Iskenderun's Myst |       |       |     9 |    20 ||    29
       Fulminant Prism   |       |       |    37 |    10 ||    47
       Stone Arrow       |       |       |       |     7 ||     7
       Summon Guardian G |       |       |       |     1 ||     1
  Use: Scroll            |       |     4 |     5 |       ||     9
Armor: Robe              |       |     1 |     7 |     1 ||     9
Dodge: Dodged            |     1 |    26 |    34 |     7 ||    68

Table legend: (Time is in decaauts)
 A = Elapsed time spent in this place.
 B = Non-inter-level travel time spent in this place.
 C = Inter-level travel time spent in this place.
 D = Time resting spent in this place.
 E = Time spent auto-exploring this place.
 F = Levels seen in this place.
 G = Mean time per level.
                   A        B        C        D        E       F      G
               +--------+--------+--------+--------+--------+-----+--------+
         Total |  13971 |  13185 |    786 |   2967 |   8680 |  10 | 1397.1 |
       Dungeon |  11793 |  11034 |    759 |   2396 |   7643 |   8 | 1474.1 |
        Temple |    590 |    563 |     27 |      0 |    309 |   1 |  590.0 |
        Bailey |   1587 |   1587 |      0 |    571 |    728 |   1 | 1587.0 |
               +--------+--------+--------+--------+--------+-----+--------+

Top non-repeatable levels by time:
     D:7: 3098 daAuts
     D:5: 1820 daAuts
  Bailey: 1587 daAuts
     D:6: 1525 daAuts
     D:4: 1372 daAuts
     D:1: 1196 daAuts
     D:2: 968 daAuts
     D:8: 940 daAuts
     D:3: 871 daAuts
  Temple: 590 daAuts
